 Dungeon Crawl Stone Soup version 0.23.2-1-ga50397a6bc (webtiles) character file.

Game seed: 4758317157785360165

202 Menchi the Shield-Bearer (level 5, -4/34 HPs)
             Began as a Gargoyle Fighter on May 18, 2019.
             Killed by divine providence
             ... invoked by an orc priest
              (12 damage)
             ... on level 3 of the Dungeon.
             The game lasted 00:05:05 (2610 turns).

Menchi the Shield-Bearer (Gargoyle Fighter)         Turns: 2610, Time: 00:05:06

Health: -4/34      AC:  9    Str: 20    XL:     5   Next: 80%
Magic:  5/5        EV: 11    Int:  9    God:
Gold:   113        SH:  0    Dex:  9    Spells: 4/4 levels left

rFire    . . .     SeeInvis .   a - +1 flail
rCold    . . .     Gourm    .   (no shield)
rNeg     + . .     Faith    .   l - +0 robe (curse)
rPois    ∞         Spirit   .   n - +0 helmet
rElec    +         Reflect  .   (no cloak)
rCorr    .         Harm     .   i - +1 pair of gloves
MR       .....                  (no boots)
Stlth    +.........             (no amulet)
HPRegen  0.11/turn              (no ring)
MPRegen  0.09/turn              (no ring)

@: no status effects
A: negative energy resistance 1, electricity resistance, unbreathing,
petrification resistance, rot immunity, AC +4
a: no special abilities


You were on level 3 of the Dungeon.
You were hungry.

You visited 1 branch of the dungeon, and saw 3 of its levels.

You collected 113 gold pieces.

Inventory:

Hand Weapons
 a - a +1 flail (weapon)
Armour
 b - a +0 scale mail
 c - a +0 shield
 i - a +1 pair of gloves (worn)
 l - a cursed +0 robe (worn)
 n - a +0 helmet (worn)
Potions
 d - 2 potions of might
 e - 2 potions of brilliance
 g - 2 potions of flight {unknown}
 h - 3 potions of curing
 k - 2 potions of magic
 m - a potion of haste
 p - a potion of lignification {unknown}
Comestibles
 f - 8 rations


   Skills:
 + Level 4.4 Fighting
 * Level 3.6 Maces & Flails
 - Level 3.5 Armour
 * Level 4.9 Shields


You had 4 spell levels left.
You didn't know any spells.
Your spell library was empty.

Dungeon Overview and Level Annotations

Branches:
Dungeon (3/15)

Altars:

Annotations:
D:3 1 runed translucent door, Crazy Yiuf


Innate Abilities, Weirdness & Mutations

You are resistant to torment.
Your stone body is resilient. (AC +4)
You are immune to poison.
You resist negative energy. (rN+)
You are resistant to electric shocks. (rElec)
You can survive without breathing.
You are immune to petrification.
You are immune to rotting.


Message History

The orc priest is heavily wounded.
The orc priest misses you.
You barely miss the orc priest.
The orc priest is heavily wounded.
The orc priest hits you but does no damage.
You hit the orc priest.
The orc priest is severely wounded.
The orc priest closely misses you.
The orc priest hits you but does no damage.
You hit the orc priest but do no damage.
The orc priest is severely wounded.
The orc priest hits you but does no damage.
You barely miss the orc priest.
The orc priest is severely wounded.
The orc priest hits you but does no damage.
You barely miss the orc priest.
The orc priest is severely wounded.
The orc priest calls down the wrath of Beogh upon you.
Beogh smites you!
You die...

#. .. #. ####.##
.....# # #.##.#
.#<.###.##.###########
#.............@oo....#
######.###########..#
#.# #.# #.# #.# #.###
#...### .# ###.#.##
#.#


You could see an orc priest and an orc.

Vanquished Creatures
  2 orc priests (D:3)
  An orc wizard (D:3)
  5 adders
  2 dart slugs (D:1)
  4 leopard geckos
  6 orcs (D:3)
  4 giant cockroaches
  11 goblins
  4 hobgoblins
  5 kobolds
  A quokka (D:2)
  5 bats
  5 frilled lizards
  A leopard gecko skeleton (D:2)
  6 rats
62 creatures vanquished.

Notes
Turn   | Place    | Note
-------+----------+-------------------------------------------
     0 | D:1      | Menchi the Gargoyle Fighter began the quest for the Orb.
     0 | D:1      | Reached XP level 1. HP: 14/14 MP: 1/1
   131 | D:1      | You fall through a shaft!
   245 | D:1      | Reached XP level 2. HP: 12/19 MP: 2/2
   853 | D:1      | Reached XP level 3. HP: 22/24 MP: 3/3
  1459 | D:2      | Reached XP level 4. HP: 26/29 MP: 4/4
  1737 | D:3      | Found a runed translucent door.
  1738 | D:3      | Noticed Crazy Yiuf
  2229 | D:3      | Reached XP level 5. HP: 33/33 MP: 5/5
  2241 | D:3      | HP: 1/34 [orc/+0 mace (5)]
  2610 | D:3      | Killed from afar by an orc priest

Skill      XL: |  1  2  3  4 |
---------------+-------------+-----
Shields        | 4 |  4.9
Fighting       | 4 |  4.4
Maces & Flails | 3 |  3.6
Armour         | |  3.5

Action                   |  1- 3 |  4- 6 || total
-------------------------+-------+-------++-------
Melee: Flail             |   121 |   131 ||   252
  Use: Scroll            |     1 |     7 ||     8
       Potion            |       |     1 ||     1
  Eat: Chunk             |     2 |     3 ||     5
Armor: Scale mail        |    76 |    28 ||   104
       Robe              |       |    43 ||    43
Dodge: Dodged            |    73 |    92 ||   165
Block: Shield            |     4 |       ||     4
